 Dungeon Crawl Stone Soup version 0.28-a0-925-gd5e1996cdb (webtiles) character file.

Game seed: 8397838898941477986

181471 Zonian the Jinx (level 17, -1/127 HPs)
             Began as a Demonspawn Gladiator on Nov 25, 2021.
             Was the Champion of Nemelex Xobeh.
             Succumbed to poison
             ... on level 2 of the Swamp on Nov 26, 2021.
             The game lasted 02:36:29 (52916 turns).

Zonian the Jinx (Demonspawn Gladiator)             Turns: 52916, Time: 02:36:29

Health: -1/127     AC: 18    Str: 17    XL:     17   Next: 33%
Magic:  4/39       EV: 22    Int: 22    God:    Nemelex Xobeh [******]
Gold:   1129       SH:  0    Dex: 19    Spells: 14/34 levels left

rFire   . . .      SeeInvis +   B - +12 long sword of Mourning {elec, rF+ Str+2 Int+3 SInv}
rCold   . . .      Faith    .   (no shield)
rNeg    . . .      Spirit   +   N - +4 troll leather armour
rPois   +          Reflect  .   c - +1 helmet
rElec   +          Harm     +   n - +1 cloak
rCorr   .          Rampage  .   s - +1 pair of gloves
Will    +....                   Q - +2 pair of boots "Ecawa" {Int+2 SInv}
Stlth   ++........              k - amulet of Cowardice {Spirit Harm rElec rPois}
HPRegen 1.11/turn               f - +4 ring of evasion
MPRegen 0.26/turn               D - ring of the Thieving Messenger {rF- MP+9 Int+3}

@: mighty, lethally poisoned (-1 -> -3), studying Hexes, very slow
A: claws 2, powered by pain 3, spiny 3, big brain 1
}: 1/15 runes: gossamer
a: Renounce Religion, Draw Escape, Draw Destruction, Draw Summoning, Triple
Draw, Deal Four, Stack Five


You were on level 2 of the Swamp.
You worshipped Nemelex Xobeh.
Nemelex Xobeh was exalted by your worship.
You visited 6 branches of the dungeon, and saw 30 of its levels.
You visited 1 bazaar.
You also visited: Sewer and Ossuary.

You collected 2731 gold pieces.
You spent 1602 gold pieces at shops.

Inventory:

Hand Weapons
 j - a +0 hand crossbow
 l - a +3 dagger of venom
 A - a +6 dagger of freezing
 B - the +12 long sword of Mourning (weapon) {elec, rF+ Str+2 Int+3 SInv}
   (You bought it in a shop in a bazaar)

   It occasionally discharges a powerful burst of electricity upon striking a
   foe.
   Str:       It affects your strength (+2).
   Int:       It affects your intelligence (+3).
   rF:        It protects you from fire.
   SInv:      It lets you see invisible.
 K - the +3 shortbow "Jelly's Death" {flame, Int+5 Stlth+}
   (You found it on level 4 of the Spider Nest)

   Any ammunition fired from it burns those it strikes, dealing additional fire
   damage.
   Int:       It affects your intelligence (+5).
   Stlth:     It makes you more stealthy.
Missiles
 m - 209 bolts
 O - 10 curare-tipped darts (quivered)
 S - 2 throwing nets
Armour
 b - the +0 leather armour "Zuckyo" {*Corrode Will++ Int+3 SInv}
   (You took it off a kobold on level 13 of the Dungeon)

   Int:       It affects your intelligence (+3).
   SInv:      It lets you see invisible.
   *Corrode:  It may corrode you when you take damage.
   Will:      It greatly increases your willpower.
 c - a +1 helmet (worn)
 n - a +1 cloak (worn)
 s - a +1 pair of gloves (worn)
 N - a +4 troll leather armour (worn)
 Q - the +2 pair of boots "Ecawa" (worn) {Int+2 SInv}
   (You found it on level 1 of the Swamp)

   Int:       It affects your intelligence (+2).
   SInv:      It lets you see invisible.
Jewellery
 f - a +4 ring of evasion (left hand)
 k - the amulet of Cowardice (around neck) {Spirit Harm rElec rPois}
   (You acquired it on level 11 of the Dungeon)

   [amulet of guardian spirit]

   It causes incoming damage to be divided between your reserves of health and
   magic.
   rElec:     It insulates you from electricity.
   rPois:     It protects you from poison.
   Harm:      It increases damage dealt and taken.
 y - a ring of protection from cold
 D - the ring of the Thieving Messenger (right hand) {rF- MP+9 Int+3}
   (You bought it in a shop in a bazaar)

   [ring of magical power]

   Int:       It affects your intelligence (+3).
   rF:        It makes you vulnerable to fire.
   MP:        It affects your magic capacity (+9).
 E - a ring of resist corrosion
 F - a +6 ring of dexterity
 R - an amulet of reflection
Wands
 q - a wand of digging (4)
 v - a wand of flame (119)
 J - a wand of paralysis (20)
 L - a wand of acid (10)
 P - a wand of mindburst (41)
 Y - a wand of charming (12)
Scrolls
 a - 2 scrolls of fog
 e - 7 scrolls of teleportation
 x - 2 scrolls of enchant weapon
 C - 15 scrolls of identify
 H - 2 scrolls of enchant armour
 I - a scroll of amnesia
 U - 4 scrolls of magic mapping
 V - a scroll of silence
 Z - a scroll of fear
Potions
 d - 4 potions of ambrosia
 h - 11 potions of flight
 i - 3 potions of lignification
 o - 2 potions of might
 p - 4 potions of attraction
 r - 7 potions of brilliance
 t - 10 potions of curing
 u - a potion of resistance
 w - 3 potions of berserk rage
 G - 4 potions of haste
 M - 4 potions of invisibility
 T - 2 potions of magic
 X - a potion of cancellation
Miscellaneous
 g - a condenser vane
 W - a lightning rod (4/4)


   Skills:
 + Level 9.7 Fighting
 - Level 10.7(12.6) Short Blades
 + Level 11.0(12.8) Long Blades
 - Level 3.5(4.3) Polearms
 - Level 3.7(4.4) Staves
 - Level 4.3 Crossbows
 - Level 2.1 Throwing
 - Level 3.7 Armour
 + Level 10.6 Dodging
 - Level 8.5 Stealth
 - Level 0.1 Shields
 + Level 9.0 Spellcasting
 + Level 6.5 Conjurations
 + Level 12.0 Hexes
 + Level 10.0 Necromancy
 - Level 6.2 Ice Magic
 - Level 5.0 Air Magic
 + Level 6.9 Poison Magic
 + Level 6.3 Invocations
 - Level 2.7 Evocations


You had 14 spell levels left.
You knew the following spells:

 Your Spells              Type           Power      Damage    Failure   Level
a - Animate Dead          Necr           26%        N/A       1%          4
b - Ensorcelled Hibernat  Hex/Ice        100%       N/A       1%          2
c - Mephitic Cloud        Conj/Pois/Air  36%        N/A       1%          3
d - Tukima's Dance        Hex            58%        N/A       1%          3
e - Fulminant Prism       Conj/Hex       25%        3d14      1%          4
f - Olgreb's Toxic Radia  Pois           40%        N/A       4%          4

Your spell library contained the following spells:

 Spells                   Type           Power      Damage    Failure   Level
 Animate Skeleton         Necr           100%       N/A       1%          1
 Foxfire                  Conj/Fire      96%        2x1d8     1%          1
 Magic Dart               Conj           100%       1d8       1%          1
 Sting                    Tmut/Pois      100%       1d8       1%          1
 Poisonous Vapours        Pois/Air       72%        N/A       1%          2
 Searing Ray              Conj           76%        2d7       1%          2
 Sublimation of Blood     Necr           52%        N/A       1%          2
 Inner Flame              Hex/Fire       36%        N/A       1%          3
 Portal Projectile        Hex/Tloc       72%        N/A       1%          3
 Excruciating Wounds      Necr           26%        N/A       3%          5
 Leda's Liquefaction      Hex/Erth       18%        N/A       7%          4
 Apportation              Tloc           18%        N/A       8%          1
 Summon Small Mammal      Summ           36%        N/A       8%          1
 Ignite Poison            Fire/Tmut/Pois 20%        N/A       10%         3
 Scorch                   Fire           18%        2d5       12%         2
 Freezing Cloud           Conj/Ice/Air   17%        6-21      19%         5
 Flame Wave               Conj/Fire      24%        3d6       21%         4
 Iskenderun's Mystic Bla  Conj/Tloc      24%        2d7       21%         4
 Death Channel            Necr           26%        N/A       21%         6
 Borgnjor's Vile Clutch   Necr/Erth      15%        N/A       28%         5
 Fireball                 Conj/Fire      12%        3d7       50%         5
 Irradiate                Conj/Tmut      12%        3d17      50%         5
 Animate Armour           Summ/Erth      18%        N/A       61%         4
 Petrify                  Tmut/Erth      9%         N/A       61%         4
 Blade Hands              Tmut           4%         N/A       91%         5
 Lee's Rapid Deconstruct  Erth           4%         3d6*      91%         5
 Iron Shot                Conj/Erth      12%        9d3       97%         6
 Starburst                Conj/Fire      12%        6d5       97%         6
 Statue Form              Tmut/Erth      6%         N/A       100%        6
 Summon Cactus Giant      Summ           4%         N/A       100%        6
 Haunt                    Necr/Summ      15%        N/A       100%        7
 Ignition                 Fire           4%         3d4       100%        8
 Infestation              Necr           26%        N/A       100%        8


Dungeon Overview and Level Annotations

Branches:
Dungeon (15/15)            Temple (1/1) D:5            Lair (6/6) D:10
  Swamp (2/4) Lair:4       Spider (4/4) Lair:2          Orc (2/2) D:12
    Elf (0/3) Orc:2        Vaults (0/5) D:13         Depths (0/4) D:15
  Sewer (visited)         Ossuary (visited)
  Slime: Lair:5-6

Altars:
Ashenzari
Cheibriados
Dithmenos
Elyvilon
Fedhas
Gozag
Hepliaklqana
Kikubaaqudgha
Makhleb
Nemelex Xobeh
Okawaru
Qazlal
Ru
Sif Muna
Trog
Uskayaw
Vehumet
Wu Jian
Xom
Yredelemnul
Zin
The Shining One
Beogh

Shops:
D:1 !   D:2 !   D:4 !   D:12 =   Orc:2 *[(:

Portals:
Hell: Lair:6

Annotations:
D:14 3 runed translucent doors, Ireuh's ghost, journeyman TrMo
Lair:6 exclusion: oklob plant, Nessos
Swamp:2 1 runed translucent door
Spider:3 1 runed translucent door, Raetutio's ghost, adept DsBe


Innate Abilities, Weirdness & Mutations

You have very sharp fingernails.
You are powered by pain.
You are completely covered in sharp spines.
You have an unusually large brain. (Int +2)


Message History

The fenstrider witch gestures at you while chanting.
Your centaur warrior convulses!
Your centaur warrior barely misses the fenstrider witch.
Your centaur warrior completely misses the fenstrider witch.
Your centaur warrior unwields a +0 shortbow.
Your centaur warrior hits the fenstrider witch!
Your centaur warrior kicks the fenstrider witch.
The fenstrider witch casts a spell at you.
The toxic sludge misses you.
The fenstrider witch points at you and mumbles some strange words.
Your centaur warrior convulses!
Okay, then.
You feel much better.
You fester in the toxic bog.
You partially resist.
You are more poisoned.
You feel very sick.
Your centaur warrior hits the fenstrider witch!
Your centaur warrior barely misses the fenstrider witch.
Your centaur warrior closely misses the fenstrider witch.
Your centaur warrior kicks the fenstrider witch.
The fenstrider witch is struck by your spines.
The fenstrider witch hits you!
* * * LOW HITPOINT WARNING * * *
You focus on the pain.
You feel very mighty all of a sudden. The fenstrider witch misses you.
Your centaur warrior hits the fenstrider witch.
Your centaur warrior kicks the fenstrider witch but does no damage.
The fenstrider witch casts a spell at you.
The toxic sludge hits you.
You are lethally poisoned!
You partially resist.
* * * LOW HITPOINT WARNING * * *
The fenstrider witch splashes around in the water.
The fenstrider witch closely misses your centaur warrior.
Your centaur warrior completely misses the fenstrider witch.
Your centaur warrior kicks the fenstrider witch but does no damage.
Okay, then.
You feel better.
You fester in the toxic bog!
You partially resist.
You are poisoned.
You die...
Your body glows with a rainbow of weird colours and disappears.

....≈......≈...≈...≈≈...≈........
.......≈.≈...........≈..≈≈....≈≈≈
≈≈...≈.........≈..≈.............≈
.......≈.....#####.♣..≈.§≈.≈.≈..≈
≈♣♣..≈....§.≈#PP #≈♣..≈..§[..≈..≈
♣♣..≈≈..≈...♣#P. #≈♣....≈...≈≈..≈
♣♣..≈...≈|≈≈.#.. #≈♣...§...≈.≈.≈.
♣.....≈≈.≈...##H##N♣.#####....♣.≈
♣♣≈...♣..§.♣≈♣♣≈@cH♣♣ #...♣≈≈≈
♣...♣≈≈≈≈..♣♣♣♣H.≈..∩.†☼#..≈.≈..
♣♣≈♣♣♣.♣..♣.♣♣c≈≈^≈♣#.†##≈≈≈.≈.≈
♣♣♣ ♣♣...♣.♣≈≈≈.♣≈≈#####≈..♣.♣♣
♣♣.♣♣.♣≈##∩##≈≈≈≈≈...≈♣♣♣
♣♣♣♣≈♣≈#...#♣♣♣♣♣♣.≈.♣ ♣.≈♣≈##+#
♣♣...≈.♣ ♣♣≈♣≈#.[p#♣♣♣..§≈≈≈♣
♣♣♣.#####♣<†.≈≈≈≈.♣


You could see 3 fenstrider witches, a neutral human (wandering), a friendly naga
sharpshooter (summoned) and 2 friendly centaur warriors.

Vanquished Creatures
  Saint Roka (Orc:2)
  Asterion (Spider:3)
  Jorgrun (Orc:2)
  Mlioglotl (Spider:2)
  Rupert (Lair:3)
  Kirke (D:15)
  3 ghost moths (Spider:4)
  4 emperor scorpions
  Louise (Swamp:1)
  An orc warlord (Orc:2)
  3 very ugly things (D:15)
  4 entropy weavers
  3 spark wasps
  2 eleionomae (Swamp:2)
  A shambling mangrove (Swamp:1)
  Erolcha (Orc:2)
  A rakshasa (D:15)
  6 boulder beetles
  14 hydras
  A death knight (D:15)
  7 two-headed ogres
  9 centaur warriors
  An ogre mage (D:13)
  2 catoblepae
  2 alligators
  Urug (Orc:2)
  7 death yaks
  An orc high priest (Orc:2)
  2 tengu warriors
  Nergalle (Lair:4)
  Sonja (Lair:1)
  A skeletal warrior (D:15)
  A sixfirhy (Lair:6)
  A death drake (D:8)
  3 goliath frogs
  A swamp dragon (Swamp:1)
  A spriggan druid (Swamp:1)
  2 wizards
  5 bog bodies
  A deep elf pyromancer (D:12)
  5 orc sorcerers
  3 orc knights
  3 cyclopes
  33 wolf spiders
  13 orb spiders
  A manticore (D:15)
  3 moths of wrath
  11 ugly things
  Maurice (D:10)
  4 black mambas
  2 orange demons (Lair:6)
  6 elephants (Lair:3)
  A gargoyle (D:11)
  12 cane toads
  12 komodo dragons
  5 rime drakes
  A kobold demonologist (D:13)
  A freezing wraith (D:15)
  3 unseen horrors
  11 demonic crawlers
  A hellwing (Lair:6)
  2 ice devils (Lair:6)
  A yaktaur (D:15)
  A red devil (Lair:6)
  8 trolls
  A troll (shapeshifter) (D:13)
  26 jumping spiders
  8 hornets
  2 polar bears
  6 dream sheep (Lair:5)
  A wind drake (shapeshifter) (D:15)
  5 tyrant leeches (Swamp:1)
  9 blink frogs
  15 slime creatures
  5 spriggans (Swamp:1)
  3 shadows
  A redback (shapeshifter) (D:15)
  54 redbacks
  24 tarantellas
  5 wraiths
  A centaur simulacrum (D:15)
  4 hogs (D:15)
  Grum (D:10)
  5 basilisks
  5 wyverns
  2 fire bats
  2 steam dragons
  35 yaks
  4 wargs (Orc:2)
  10 swamp worms
  10 vampire mosquitoes
  5 hell hounds (Lair:6)
  11 water moccasins
  29 orc warriors
  A swamp drake (Swamp:1)
  4 ice beasts
  3 black bears
  A necrophage (D:5)
  4 ogres
  6 centaurs
  20 wolves
  6 kobold brigands
  An elf zombie (Ossuary)
  13 bullfrogs
  A gnoll sergeant (D:12)
  A wyvern zombie (D:8)
  2 scorpions (D:5)
  A hornet simulacrum (D:12)
  2 water moccasin skeletons (D:5)
  8 wights
  3 electric eels
  5 howler monkeys
  7 centaur zombies
  A centaur skeleton (D:5)
  3 hounds
  18 orc priests
  4 bullfrog skeletons
  4 jellies
  3 iguanas
  22 orc wizards
  3 hell rats
  4 mummies
  8 gnolls
  4 adders
  A howler monkey skeleton (D:7)
  6 river rats
  13 white imps
  2 adder zombies (Ossuary)
  An adder skeleton (D:4)
  A worm (D:5)
  4 dart slugs
  70 orcs
  4 bats
  5 endoplasms
  2 giant cockroaches
  5 hobgoblins
  9 jackals
  26 kobolds
  5 quokkas
  8 ball pythons
  3 frilled lizards
  7 goblins
  3 goblin zombies (Ossuary)
  3 kobold zombies (Ossuary)
  6 quokka zombies (Ossuary)
  10 rats
  3 rat zombies (Ossuary)
894 creatures vanquished.

Vanquished Creatures (collateral kills)
  A hydra (Lair:1)
  A death yak (D:10)
  An orb spider (Spider:3)
  An elephant (Lair:3)
  2 river rats (D:10)
6 creatures vanquished.

Vanquished Creatures (others)
  A glowing orange brain (D:15)
  A jumping spider (Spider:4)
  2 bloated husks (Swamp:1)
  A butterfly (D:5)
  2 fulminant prisms (Swamp:1)
  56 fungi
  61 plants
124 creatures vanquished.

Grand Total: 1024 creatures vanquished

Notes
Turn   | Place    | Note
-------+----------+-------------------------------------------
     0 | D:1      | Zonian the Demonspawn Gladiator began the quest for the
                  | Orb.
     0 | D:1      | Reached XP level 1. HP: 16/16 MP: 1/1
   185 | D:1      | Gained mutation: You are partially covered in sharp spines.
                  | [demonic ancestry]
   185 | D:1      | Reached XP level 2. HP: 8/22 MP: 2/2
   598 | D:1      | Found Rekk's Distillery.
  1234 | D:2      | Reached XP level 3. HP: 4/28 MP: 3/3
  1734 | D:2      | Gained mutation: You are mostly covered in sharp spines.
                  | [demonic ancestry]
  1734 | D:2      | Reached XP level 4. HP: 34/34 MP: 4/4
  1968 | D:2      | Found Naekhib's Distillery.
  2053 | D:2      | Reached skill level 1 in Stealth
  2439 | D:3      | Reached skill level 1 in Armour
  2924 | D:3      | Reached skill level 1 in Short Blades
  3723 | D:4      | Gained mutation: You have sharp fingernails. [demonic
                  | ancestry]
  3723 | D:4      | Reached XP level 5. HP: 39/39 MP: 5/5
  3766 | D:4      | Noticed an ogre
  3787 | D:4      | Killed an ogre
  3849 | D:4      | Found Onotwon's Distillery.
  3851 | D:4      | Found a blossoming altar of Fedhas.
  3912 | D:4      | Found a sand-covered staircase.
  3930 | Ossuary  | Entered an ossuary
  3947 | Ossuary  | Gained mutation: You sometimes gain a little power by
                  | taking damage. [demonic ancestry]
  3947 | Ossuary  | Reached XP level 6. HP: 19/46 MP: 6/6
  4617 | D:4      | Learned a level 4 spell: Animate Dead
  5019 | D:4      | Bought a potion of heal wounds for 65 gold pieces
  5019 | D:4      | Bought a potion of heal wounds for 65 gold pieces
  5430 | D:5      | Entered Level 5 of the Dungeon
  5591 | D:5      | Found a glowing drain.
  5605 | Sewer    | Entered a sewer
  5719 | Sewer    | Reached skill level 1 in Necromancy
  5719 | Sewer    | Reached XP level 7. HP: 51/51 MP: 6/8
  5879 | D:5      | Reached skill level 1 in Spellcasting
  6012 | D:5      | Found a staircase to the Ecumenical Temple.
  6017 | D:5      | Noticed a steam dragon
  6041 | D:5      | Killed a steam dragon
  6246 | Temple   | Entered the Ecumenical Temple
  6366 | Temple   | Became a worshipper of Nemelex Xobeh the Trickster
  7113 | D:5      | Gained mutation: You sometimes gain power by taking damage.
                  | [demonic ancestry]
  7113 | D:5      | Reached XP level 8. HP: 54/58 MP: 10/10
  7180 | D:5      | Reached skill level 5 in Short Blades
  7648 | D:5      | Reached * piety under Nemelex Xobeh
  8042 | D:6      | Received a gift from Nemelex Xobeh
  8083 | D:6      | Identified a scroll of acquirement
  8083 | D:6      | Acquired a manual of Hexes
  8088 | D:6      | Learned a level 2 spell: Ensorcelled Hibernation
  8163 | D:6      | Gained mutation: You are completely covered in sharp
                  | spines. [demonic ancestry]
  8163 | D:6      | Reached XP level 9. HP: 31/65 MP: 13/13
  8468 | D:6      | Reached skill level 1 in Hexes
  8468 | D:6      | Reached skill level 1 in Invocations
  8779 | D:6      | Found a snail-covered altar of Cheibriados.
  8805 | D:6      | Found an iron altar of Okawaru.
  9300 | D:7      | Paralysed by a hornet for 1 turns
  9307 | D:7      | Reached skill level 1 in Ice Magic
  9606 | D:7      | Reached ** piety under Nemelex Xobeh
  9624 | D:7      | Reached skill level 2 in Hexes
 10460 | D:7      | Reached skill level 5 in Dodging
 10630 | D:8      | Reached skill level 3 in Hexes
 11289 | D:8      | Noticed a two-headed ogre
 11298 | D:8      | Noticed a death drake
 11298 | D:8      | a two-headed ogre changed into a death drake
 11299 | D:8      | HP: 3/66 [poisoned by a death drake (dark miasma)]
 11306 | D:8      | HP: 1/66 [death drake/foul vapour (11)]
 11308 | D:8      | Killed a death drake
 11309 | D:8      | Gained mutation: You have very sharp fingernails. [demonic
                  | ancestry]
 11309 | D:8      | Reached XP level 10. HP: 17/73 MP: 15/15
 12363 | D:9      | Reached skill level 4 in Hexes
 12364 | D:9      | Noticed a two-headed ogre
 12576 | D:9      | Noticed a centaur warrior
 12589 | D:9      | Killed a centaur warrior
 12956 | D:9      | Reached skill level 5 in Necromancy
 13692 | D:9      | Killed a two-headed ogre
 13693 | D:9      | Reached skill level 5 in Fighting
 13752 | D:9      | Reached *** piety under Nemelex Xobeh
 13793 | D:10     | Entered Level 10 of the Dungeon
 13805 | D:10     | Noticed a death yak
 13825 | D:10     | Found a staircase to the Lair.
 13843 | D:10     | Killed a death yak
 13844 | D:10     | Reached skill level 5 in Hexes
 13887 | D:10     | Noticed a death yak
 14073 | D:10     | Noticed a death yak
 14095 | D:10     | Noticed Maurice
 14146 | D:10     | Noticed Grum
 14188 | D:10     | Killed Grum
 14189 | D:10     | Reached skill level 1 in Evocations
 14198 | D:10     | Killed Maurice
 14199 | D:10     | Reached XP level 11. HP: 45/80 MP: 17/17
 14773 | D:10     | Killed a death yak
 14774 | D:10     | Reached skill level 5 in Stealth
 14774 | D:10     | Reached skill level 6 in Hexes
 15066 | D:10     | Killed a death yak
 15701 | D:10     | Reached skill level 7 in Hexes
 16355 | D:10     | Upgraded the game from 0.28-a0-909-g796cbd3a86 to
                  | 0.28-a0-919-g0b5b508569
 16392 | Lair:1   | Entered Level 1 of the Lair of Beasts
 16402 | Lair:1   | Noticed Sonja
 16414 | Lair:1   | Killed Sonja
 16415 | Lair:1   | Reached skill level 5 in Spellcasting
 16734 | Lair:1   | Noticed a seven-headed hydra
 16760 | Lair:1   | Killed a seven-headed hydra
 16962 | Lair:1   | Found a frozen archway.
 17852 | Lair:1   | Reached **** piety under Nemelex Xobeh
 17852 | Lair:1   | Received a gift from Nemelex Xobeh
 17928 | Lair:2   | Reached skill level 8 in Hexes
 18222 | Lair:2   | Reached XP level 12. HP: 60/89 MP: 20/20
 18345 | Lair:2   | Noticed a five-headed hydra
 18388 | Lair:2   | Killed a five-headed hydra
 18485 | Lair:2   | Noticed a four-headed hydra
 18517 | Lair:2   | Killed a four-headed hydra
 18750 | Lair:2   | Found a hole to the Spider Nest.
 19334 | Lair:2   | Received a gift from Nemelex Xobeh
 19351 | Lair:2   | Reached skill level 5 in Ice Magic
 19861 | Lair:3   | Noticed a catoblepas
 19863 | Lair:3   | Killed a catoblepas
 19881 | Lair:3   | Noticed a four-headed hydra
 19904 | Lair:3   | Killed a four-headed hydra
 20190 | Lair:3   | Identified the +0 hand axe "Lacertilian's Funeral" {freeze,
                  | rPois Int+4}
 20203 | Lair:3   | Reached skill level 9 in Hexes
 21021 | Lair:3   | Noticed Rupert
 21025 | Lair:3   | Noticed a four-headed hydra
 21039 | Lair:3   | Killed a four-headed hydra
 21199 | Lair:3   | Reached ***** piety under Nemelex Xobeh
 21242 | Lair:3   | Killed Rupert
 21583 | Lair:3   | Received a gift from Nemelex Xobeh
 21850 | Lair:4   | Noticed Nergalle
 21900 | Lair:4   | Killed Nergalle
 22227 | Lair:4   | Gained mutation: You have an unusually large brain. (Int
                  | +2) [demonic ancestry]
 22227 | Lair:4   | Reached XP level 13. HP: 91/93 MP: 22/22
 22240 | Lair:4   | Learned a level 3 spell: Mephitic Cloud
 22241 | Lair:4   | Received a gift from Nemelex Xobeh
 22695 | Lair:4   | Found a staircase to the Swamp.
 23252 | Lair:4   | Reached skill level 1 in Poison Magic
 23311 | Lair:4   | Reached skill level 10 in Hexes
 23345 | Lair:4   | Received a gift from Nemelex Xobeh
 23427 | Lair:4   | Identified the +6 quarterstaff "Tetikhleru" {freeze, rCorr
                  | Str+2 Stlth-}
 23766 | Lair:5   | Reached skill level 1 in Air Magic
 24444 | Lair:5   | Identified the amulet of Yzah {Faith rCorr SInv}
 24782 | Lair:6   | Entered Level 6 of the Lair of Beasts
 24794 | Lair:6   | Reached skill level 1 in Conjurations
 24826 | Lair:6   | Reached skill level 10 in Short Blades
 25167 | Lair:6   | Received a gift from Nemelex Xobeh
 25548 | Lair:6   | Reached skill level 1 in Crossbows
 25825 | Lair:6   | Reached ****** piety under Nemelex Xobeh
 26236 | Lair:6   | Received a gift from Nemelex Xobeh
 26631 | Lair:6   | Noticed Nessos
 27167 | Lair:6   | Reached XP level 14. HP: 98/104 MP: 24/24
 27173 | Lair:6   | Found a burning altar of Makhleb.
 27507 | Lair:6   | Found a gateway to Hell.
 27912 | Lair:6   | Received a gift from Nemelex Xobeh
 28192 | D:11     | Identified the +0 robe of Pefyfu {rPois}
 28299 | D:11     | Received a gift from Nemelex Xobeh
 28328 | D:11     | Acquired the amulet of Cowardice {Spirit Harm rElec rPois}
 29870 | D:12     | Received a gift from Nemelex Xobeh
 30722 | D:12     | Found Nymm's Jewellery Shop.
 31385 | D:12     | Found a staircase to the Orcish Mines.
 31994 | D:13     | Reached skill level 1 in Staves
 32208 | D:13     | Found a gate to the Vaults.
 32389 | D:13     | Received a gift from Nemelex Xobeh
 32498 | D:13     | Identified the +0 leather armour "Zuckyo" {*Corrode Will++
                  | Int+3 SInv}
 33414 | D:14     | Gained mutation: You are powered by pain. [demonic
                  | ancestry]
 33414 | D:14     | Reached XP level 15. HP: 43/112 MP: 17/26
 33816 | D:14     | Found a runed translucent gate.
 33817 | D:14     | Found a runed translucent gate.
 33817 | D:14     | Noticed Ireuh's ghost (journeyman TrMo)
 33818 | D:14     | Found a runed translucent gate.
 33843 | D:14     | Found an iron altar of Okawaru.
 34421 | D:15     | Entered Level 15 of the Dungeon
 34943 | D:15     | Noticed Kirke
 34986 | D:15     | Received a gift from Nemelex Xobeh
 34992 | D:15     | Reached skill level 5 in Poison Magic
 35172 | D:15     | Found an ornate altar of the Wu Jian Council.
 35232 | D:15     | Killed Kirke
 36663 | D:15     | Found a staircase to the Depths.
 37153 | Orc:1    | Entered Level 1 of the Orcish Mines
 37424 | Orc:1    | Received a gift from Nemelex Xobeh
 37483 | Orc:2    | Entered Level 2 of the Orcish Mines
 37483 | Orc:2    | Noticed Erolcha
 37483 | Orc:2    | Found a flickering gateway to a bazaar.
 37490 | Orc:2    | Killed Erolcha
 37501 | Orc:2    | Found a staircase to the Elven Halls.
 37503 | Bazaar   | Entered a bazaar
 37617 | Bazaar   | Found Peneamm's Jewellery Shoppe.
 37636 | Bazaar   | Found Wuanlas's Assorted Antiques.
 37636 | Bazaar   | Found Errets's Book Emporium.
 37661 | Bazaar   | Found Boepn's Armour Shoppe.
 37661 | Bazaar   | Found Nirecziu's Antique Weapon Emporium.
 37694 | Bazaar   | Upgraded the game from 0.28-a0-919-g0b5b508569 to
                  | 0.28-a0-925-gd5e1996cdb
 37873 | Bazaar   | Bought an ichor-stained long sword for 144 gold pieces
 37873 | Bazaar   | Identified the +12 long sword of Mourning {elec, rF+ Str+2
                  | Int+3 SInv} (You bought it in a shop in a bazaar)
 37921 | Bazaar   | Bought the ring of the Thieving Messenger {rF- MP+9 Int+3}
                  | for 236 gold pieces
 37960 | Bazaar   | Bought a ring of see invisible for 135 gold pieces
 37978 | Bazaar   | Bought Sif Muna's Papyrus of Bewitchment and Conjuration
                  | for 378 gold pieces
 38071 | Orc:2    | Noticed Jorgrun
 38078 | Orc:2    | Killed Jorgrun
 38091 | Orc:2    | Reached skill level 5 in Air Magic
 38195 | Orc:2    | Reached skill level 1 in Long Blades
 38856 | Orc:2    | Noticed Saint Roka
 38918 | Orc:1    | Received a gift from Nemelex Xobeh
 39881 | Orc:2    | Noticed Urug
 39899 | Orc:2    | Killed Urug
 39984 | Orc:2    | Learned a level 3 spell: Tukima's Dance
 39989 | Orc:2    | Learned a level 4 spell: Fulminant Prism
 40031 | Orc:2    | Killed Saint Roka
 41064 | Orc:2    | Found Ukargh's Antique Armour Shoppe.
 41081 | Orc:2    | Bought a pair of runed gloves for 172 gold pieces
 41094 | Orc:2    | Found Niran's Book Shoppe.
 41113 | Orc:2    | Found Udoutow's Antique Weapon Shoppe.
 41129 | Orc:2    | Found Xeomiwn's General Store.
 41253 | Orc:2    | Noticed an orc warlord
 41318 | Orc:2    | Reached skill level 5 in Long Blades
 41319 | Orc:2    | Killed an orc warlord
 41470 | Orc:2    | Received a gift from Nemelex Xobeh
 41864 | Spider:1 | Entered Level 1 of the Spider Nest
 42587 | Spider:1 | Received a gift from Nemelex Xobeh
 43979 | Spider:2 | Reached XP level 16. HP: 96/119 MP: 28/28
 44790 | Spider:2 | Noticed Mlioglotl
 45379 | Spider:3 | Noticed Asterion
 45383 | Spider:3 | Killed Asterion
 45645 | Spider:3 | Reached skill level 10 in Long Blades
 45782 | Spider:3 | Found a runed translucent door.
 45783 | Spider:3 | Noticed Raetutio's ghost (adept DsBe)
 45784 | Spider:3 | Found a shimmering altar of Xom.
 46150 | Spider:4 | Entered Level 4 of the Spider Nest
 46406 | Spider:3 | Reached skill level 5 in Conjurations
 47023 | Spider:3 | Learned a level 4 spell: Olgreb's Toxic Radiance
 47031 | Spider:3 | HP: 5/119 [wolf spider (13)]
 47034 | Spider:3 | Reached skill level 10 in Dodging
 48327 | D:1      | Bought a potion of curing for 33 gold pieces
 48327 | D:1      | Bought a potion of heal wounds for 55 gold pieces
 48327 | D:1      | Bought a potion of magic for 88 gold pieces
 48327 | D:1      | Bought a potion of ambrosia for 88 gold pieces
 48327 | D:1      | Bought a potion of heal wounds for 55 gold pieces
 48327 | D:1      | Bought a potion of magic for 88 gold pieces
 49066 | Spider:4 | Received a gift from Nemelex Xobeh
 49072 | Spider:4 | Reached skill level 11 in Hexes
 49303 | Spider:4 | Identified the +3 shortbow "Jelly's Death" {flame, Int+5
                  | Stlth+}
 49619 | Spider:4 | Reached skill level 5 in Invocations
 50271 | Spider:4 | Reached XP level 17. HP: 106/126 MP: 0/29
 50663 | Spider:4 | Got a gossamer rune of Zot
 50943 | Spider:2 | Killed Mlioglotl
 51192 | Swamp:1  | Entered Level 1 of the Swamp
 51192 | Swamp:1  | Received a gift from Nemelex Xobeh
 51210 | Swamp:1  | HP: 6/126 [spriggan rider (16)]
 51552 | Swamp:1  | Identified the +2 pair of boots "Ecawa" {Int+2 SInv}
 51712 | Swamp:1  | Noticed Louise
 51749 | Swamp:1  | Killed Louise
 52268 | Swamp:1  | Received a gift from Nemelex Xobeh
 52765 | Swamp:2  | Reached skill level 12 in Hexes
 52792 | Swamp:2  | Reached skill level 10 in Necromancy
 52906 | Swamp:2  | Found a runed translucent door.
 52915 | Swamp:2  | HP: 6/127 [fenstrider witch/toxic sludge (3)]
 52916 | Swamp:2  | Succumbed to poison

Illustrated notes

Levels and vault maps discovered:
D:1:      lightli_iron_boxes, layout_loops_ring, serial_shops, shop
D:2:      minmay_spotlight, layout_basic, serial_shops,
          nicolae_shop_advertising_works [nicolae_subvault_shop_adworks],
          minmay_misc_feat_tower
D:3:      layout_loops_corners
D:4:      layout_layer_cave, fedhas_altar_3, gup_ossuary_entry_pyramid,
          serial_shops, nicolae_shop_trees, minmay_bisected
D:5:      layout_loops_corners, minmay_temple_entry_butterflies,
          cheibrodos_sewer_entry_drain, st_stairs_10
D:6:      layout_rooms, mainiacjoe_overflow_tiny_flanked,
          gammafunk_temple_overflow_wave, hex_tiny
D:7:      layout_loops_corners, hex_large
D:8:      layout_loops_ring
D:9:      layout_long_grid
D:10:     layout_roguey, dpeg_lair_monsters, grunt_ministairs_2, uniq_grum,
          uniq_maurice
D:11:     layout_irregular_city
D:12:     layout_loops_ring, david_orc_5, minivault_25_ag,
          kennysheep_windowed_goal
D:13:     layout_small_grid, david_vaults_2, nicolae_elevator_lobby_plus
D:14:     layout_stronghold, gammafunk_ghost_hydra_chop,
          okawaru_metal_pillars_1_2
D:15:     gammafunk_enter_depths_forms, layout_loops_ring,
          nicolae_wu_jian_immortal_techniques, uniq_kirke
Temple:   mainiacjoe_temple_coin_purse
Lair:1:   layout_hall_layers, portal_ice_cave_entry_imps, uniq_sonja
Lair:2:   layout_long_grid, nicolae_spider_entry_orb_guardian,
          grunt_megastairs_1, infiniplex_staircase_pool
Lair:3:   layout_gridlike, uniq_rupert
Lair:4:   layout_regular_city, skrybe_swamp_entry_bodies, grunt_megastairs_2,
          serial_bayou_shore_b, uniq_nergalle
Lair:5:   layout_misc_corridors
Lair:6:   evil_forest, layout_layer_cave, minmay_slime_entry_oklob_enclosed,
          uniq_nessos
Swamp:1:  layout_basic_swamp, evilmike_swamp_ruin_house_6, worms_lemuel,
          uniq_louise
Swamp:2:  layout_falls_marsh, infiniplex_staircase_pool_2, swamp_pool2,
          nzn_swamp_weyward_sisters
Spider:1: layout_chambers
Spider:2: layout_spider_delve, uniq_mlioglotl
Spider:3: layout_spider_delve, ebering_ghost_xom, uniq_asterion
Spider:4: spider_rune_water
Orc:1:    layout_diamond_mine
Orc:2:    grunt_orc_cross, layout_caves, serial_shops, bzr_entry_water,
          uniq_erolcha, uniq_jorgrun

Skill      XL: |  1  2  3  4  5  6  7  8  9 10 11 12 13 14 15 16 17 |
---------------+----------------------------------------------------+-----
Dodging        | 3 4 5 6 7 8 9 10 | 10.6
Polearms       | 3 |  3.5
Stealth        | 1 2 3 4 5 6 7 8 |  8.5
Armour         | 1 2 3 |  3.7
Short Blades   | 1 2 4 6 7 8 9 10 | 10.7
Throwing       | 2 |  2.1
Necromancy     | 1 2 3 4 5 6 7 8 9 10 | 10.0
Fighting       | 3 4 5 6 7 8 9 |  9.7
Spellcasting   | 1 2 3 4 5 6 7 8 9 |  9.0
Hexes          | 3 5 8 9 10 11 12 | 12.0
Invocations    | 3 5 6 |  6.3
Ice Magic      | 2 3 4 5 6 |  6.2
Evocations     | 1 2 |  2.7
Poison Magic   | 2 4 5 6 |  6.9
Air Magic      | 2 4 5 |  5.0
Conjurations   | 2 4 6 |  6.5
Crossbows      | 2 3 4 |  4.3
Staves         | 3 |  3.7
Long Blades    | 7 10 11 | 11.0
Shields        | |  0.1

Action                   |  1- 3 |  4- 6 |  7- 9 | 10-12 | 13-15 | 16-18 || total
-------------------------+-------+-------+-------+-------+-------+-------++-------
Melee: Trident           |    58 |    43 |    74 |    97 |     6 |       ||   278
       Dagger            |     3 |   162 |   240 |   556 |  1077 |    37 ||  2075
       Halberd           |       |       |       |    20 |       |       ||    20
       Quarterstaff      |       |       |       |       |   100 |     7 ||   107
       Long sword        |       |       |       |       |   201 |   490 ||   691
 Fire: Hand crossbow     |       |       |       |       |       |     1 ||     1
Throw: Throwing net      |     2 |     2 |       |       |       |       ||     4
       Dart              |       |       |     1 |     2 |     2 |       ||     5
 Cast: Ensorcelled Hiber |       |       |       |     6 |     3 |    12 ||    21
       Mephitic Cloud    |       |       |       |       |    15 |    30 ||    45
       Animate Dead      |       |       |       |       |       |     2 ||     2
       Fulminant Prism   |       |       |       |       |       |     2 ||     2
Invok: Draw Destruction  |       |       |     5 |     2 |    39 |    19 ||    65
       Draw Summoning    |       |       |       |     4 |     1 |     3 ||     8
       Draw Escape       |       |       |       |       |       |     1 ||     1
Evoke: Wand              |       |       |     1 |    18 |    18 |     2 ||    39
       Lightning rod     |       |       |       |       |    13 |     1 ||    14
  Use: Scroll            |       |    17 |     4 |    10 |     8 |     8 ||    47
       Potion            |       |     4 |     7 |     2 |     7 |    10 ||    30
 Stab: Held in net/web   |     1 |       |       |       |       |       ||     1
       Sleeping          |     1 |     6 |     5 |     9 |    32 |     8 ||    61
       Distracted        |       |     1 |       |     2 |     5 |     3 ||    11
       Paralysed         |       |       |       |     1 |       |       ||     1
       Confused          |       |       |       |       |     8 |    18 ||    26
Armor: Leather armour    |    10 |    22 |    28 |       |     3 |       ||    63
       Steam dragon scal |       |       |    40 |    88 |   104 |       ||   232
       Skin              |       |       |     2 |       |       |       ||     2
       Troll leather arm |       |       |       |       |    49 |   206 ||   255
Dodge: Dodged            |    30 |    88 |   197 |   445 |   883 |   685 ||  2328
Block: Other             |       |       |       |    39 |    65 |     9 ||   113
       Reflection        |       |       |       |       |     1 |     1 ||     2

Table legend: (Time is in decaauts)
 A = Elapsed time spent in this place.
 B = Non-inter-level travel time spent in this place.
 C = Inter-level travel time spent in this place.
 D = Time resting spent in this place.
 E = Time spent auto-exploring this place.
 F = Levels seen in this place.
 G = Mean time per level.
                   A        B        C        D        E       F      G
               +--------+--------+--------+--------+--------+-----+--------+
         Total |  52239 |  50199 |   2040 |  20437 |  20123 |  33 | 1583.0 |
       Dungeon |  24622 |  23514 |   1108 |   9162 |  10559 |  15 | 1641.5 |
        Temple |    131 |     99 |     32 |      0 |     86 |   1 |  131.0 |
          Lair |  11513 |  11090 |    423 |   3538 |   5795 |   6 | 1918.8 |
         Swamp |   1746 |   1685 |     61 |    534 |    590 |   2 |  873.0 |
   Spider Nest |   8714 |   8436 |    278 |   4692 |   1953 |   4 | 2178.5 |
  Orcish Mines |   4054 |   3918 |    136 |   1957 |    932 |   2 | 2027.0 |
        Bazaar |    547 |    547 |      0 |     36 |    113 |   1 |  547.0 |
         Sewer |    221 |    221 |      0 |      0 |     93 |   1 |  221.0 |
       Ossuary |    688 |    688 |      0 |    517 |      0 |   1 |  688.0 |
               +--------+--------+--------+--------+--------+-----+--------+

Top non-repeatable levels by time:
Spider:3: 3389 daAuts
  Lair:6: 3043 daAuts
   Orc:2: 2796 daAuts
    D:10: 2635 daAuts
Spider:1: 2421 daAuts
    D:15: 2278 daAuts
    D:12: 2263 daAuts
     D:8: 2144 daAuts
     D:5: 2090 daAuts
  Lair:2: 1998 daAuts
Spider:4: 1928 daAuts
  Lair:3: 1912 daAuts
    D:14: 1904 daAuts
  Lair:4: 1902 daAuts
  Lair:1: 1625 daAuts
